 Dungeon Crawl Stone Soup version 0.31.0-4-g52a2dc7128 (webtiles) character file.

Game seed: 12165712381863776346

849 Flugkiller the Sneak (level 7, -8/50 HPs)
             Began as a Vampire Fire Elementalist on Jan 22, 2024.
             Mangled by an orc warrior
             ... wielding a +0 hand axe of electrocution
              (20 damage)
             ... on level 5 of the Dungeon.
             The game lasted 00:16:34 (5960 turns).

Flugkiller the Sneak (Vampire Fire Elementalist)    Turns: 5960, Time: 00:16:34

Health: -8/50      AC:  3    Str:  7    XL:     7   Next: 69%
Magic:  11/14      EV: 28    Int: 18    God:
Gold:   156        SH:  0    Dex: 16    Spells: 10/16 levels left

rFire   . . .        f - staff of conjuration
rCold   . . .        (no shield)
rNeg    . . .        a - +0 robe
rPois   .            j - +0 helmet
rElec   .            (no cloak)
rCorr   .            (no gloves)
SInv    +            (no boots)
Will    .....        k - amulet of the acrobat
Stlth   +++          (no ring)
HPRegen 0.48/turn    (no ring)
MPRegen 0.14/turn

%: acrobat
@: about to teleport, acrobatic, very slightly contaminated, healing quickly
A: alive, fangs 3, see invisible, vampiric 2
a: Exsanguinate


You were on level 5 of the Dungeon.
You visited 1 branch of the dungeon, and saw 5 of its levels.

You collected 244 gold pieces.
You spent 88 gold pieces at shops.

Inventory:

Hand Weapons
 c - a +0 short sword
   (You took it off a kobold on level 1 of the Dungeon)
 o - a +1 whip of electrocution
   (You took it off a gnoll on level 2 of the Dungeon)
Missiles
 u - 6 javelins
 w - 3 curare-tipped darts
Armour
 a - a +0 robe (worn)
 e - a +0 ring mail
   (You found it on level 1 of the Dungeon)
 j - a +0 helmet (worn)
   (You found it on level 3 of the Dungeon)
Magical Staves
 f - a staff of conjuration (weapon)
   (You found it on level 1 of the Dungeon)
Jewellery
 k - an amulet of the acrobat (around neck)
   (You found it on level 1 of the Dungeon)
Wands
 s - a wand of flame (22)
   (You found it on level 4 of the Dungeon)
Scrolls
 g - a scroll of fear {unknown}
 p - a scroll of noise {unknown}
 t - 2 scrolls of teleportation
 y - a scroll of blinking {unknown}
 A - a scroll of vulnerability {unknown}
Potions
 b - 2 potions of magic
 d - 2 potions of cancellation {unknown}
 h - 3 potions of brilliance
 i - a potion of degeneration {unknown}
 l - a potion of berserk rage {unknown}
 m - a potion of invisibility {unknown}
 n - 2 potions of heal wounds {unknown}
 q - 3 potions of curing
 r - 2 potions of might {unknown}
 v - 2 potions of haste {unknown}
 x - a potion of lignification {unknown}
 z - a potion of enlightenment {unknown}


   Skills:
 - Level 2.0 Fighting
 + Level 3.9 Dodging
 - Level 5.0 Stealth
 - Level 5.0 Spellcasting
 - Level 0.6 Conjurations
 - Level 5.0 Hexes
 - Level 4.0 Fire Magic


You had 10 spell levels left.
You knew the following spells:

 Your Spells              Type           Power      Damage    Failure   Level
a - Foxfire               Conj/Fire      76%        2x1d7     5%          1
b - Scorch                Fire           36%        2d6       3%          2
c - Inner Flame           Hex/Fire       20%        N/A       6%          3

Your spell library contained the following spells:

 Spells                   Type           Power      Damage    Failure   Level
 Volatile Blastmotes      Fire/Tloc      22%        2d11      17%         3
 Mercury Vapours          Alch/Air       8%         N/A       21%         2
 Hailstorm                Conj/Ice       8%         3d5       34%         3
 Mephitic Cloud           Conj/Alch/Air  7%         N/A       36%         3
 Summon Ice Beast         Ice/Summ       4%         N/A       36%         3
 Flame Wave               Conj/Fire      19%        2d7       45%         4
 Leda's Liquefaction      Alch/Erth      2%         N/A       78%         4
 Freezing Cloud           Conj/Ice/Air   3%         6-21      98%         5
 Lee's Rapid Deconstruct  Erth           2%         3d4*      98%         5
 Bombard                  Conj/Erth      4%         9d2       100%        6
 Sculpt Simulacrum        Ice/Alch       2%         N/A       100%        6


Dungeon Overview and Level Annotations

Branches:
Dungeon (5/15) Zot: 24039
 Temple: D:4-7

Altars:
Xom

Shops:
D:4 !*

Annotations:
D:3 exclusion: water moccasin
D:5 Ijyb


Innate Abilities, Weirdness & Mutations

Your natural rate of healing is accelerated.
You have razor-sharp teeth.
You have supernaturally acute eyesight. (SInv)
You are afflicted with vampirism and can become a bat while bloodless.


Message History

g - Guard the area. f - Follow me.
Anything else - Cancel.
You shout for attention!
You start waiting.
Done waiting.
There are no items here.
What are your orders? t - Shout!
Orders for allies: a - Attack new target. r - Retreat! s - Stop attacking. g - Guard the area. f - Follow me.
Anything else - Cancel.
Okay, then.
What are your orders? t - Shout!
Orders for allies: a - Attack new target. r - Retreat! s - Stop attacking. g - Guard the area. f - Follow me.
Anything else - Cancel.
You shout for attention!
What are your orders? t - Shout!
Orders for allies: a - Attack new target. r - Retreat! s - Stop attacking. g - Guard the area. f - Follow me.
Anything else - Cancel.
You shout for attention!
What are your orders? t - Shout!
Orders for allies: a - Attack new target. r - Retreat! s - Stop attacking. g - Guard the area. f - Follow me.
Anything else - Cancel.
You shout for attention!
What are your orders? t - Shout!
Orders for allies: a - Attack new target. r - Retreat! s - Stop attacking. g - Guard the area. f - Follow me.
Anything else - Cancel.
You shout for attention!
What are your orders? t - Shout!
Orders for allies: a - Attack new target. r - Retreat! s - Stop attacking. g - Guard the area. f - Follow me.
Anything else - Cancel.
You shout for attention!
You start waiting.
An orc warrior is nearby!
Unknown command.
Casting: Scorch (safe; 3% risk of failure)
Confirm with . or Enter, or press ? or * to list all spells.
You can't see any susceptible monsters within range! (Use Z to cast anyway.)
Casting: Scorch (safe; 3% risk of failure)
Confirm with . or Enter, or press ? or * to list all spells.
You feel a surge of power!
You conjure some foxfire!
Your foxfire dissipates!
The foxfire hits the orc warrior.
The orc warrior is lightly wounded.
Casting: Foxfire (safe; 5% risk of failure)
Confirm with . or Enter, or press ? or * to list all spells.
Flames lash the orc warrior but do no damage.
Things that are here:
a +0 whip; an orc corpse
Press: ? - help, v - describe, . - travel, g - get item
Here: an orc warrior, wielding a +0 hand axe of electrocution and wearing a +0 chain mail (lightly wounded)
Items here: a +0 whip; an orc corpse.
The floor.
Unknown command.
Things that are here:
a +2 flail of holy wrath; a +0 leather armour
Items here: ( ) [ ÷.
Casting: Scorch (safe; 3% risk of failure)
Confirm with . or Enter, or press ? or * to list all spells.
You feel a surge of power!
You conjure some foxfire!
The foxfire hits the orc warrior but does no damage. x2
Casting: Foxfire (safe; 5% risk of failure)
Confirm with . or Enter, or press ? or * to list all spells.
You feel a surge of power!
You miscast Foxfire.
You are very lightly contaminated with residual magic.
Nothing appears to happen.
Casting: Foxfire (safe; 5% risk of failure)
Confirm with . or Enter, or press ? or * to list all spells.
Flames lash the orc warrior but do no damage.
The orc warrior hits you with a +0 hand axe of electrocution.
You are electrocuted!!
Okay, then.
As you read the scroll of teleportation, it crumbles to dust.
You feel strangely unstable.
The orc warrior hits you with a +0 hand axe of electrocution!
Unknown command.
The orc warrior attacks as it pursues you!
The orc warrior completely misses you.
The orc warrior attacks as it pursues you!
The orc warrior hits you with a +0 hand axe of electrocution.
* * * LOW HITPOINT WARNING * * *
You are electrocuted!!
You die...

# #.##.##.###.###.###.##.#..... #
#.##.......## ##....##.####.. ##
#.#########.###.###.##.# #.# .#
#.# ##.#.## #.##.# #.# .# #.#
#..## #.##.# #.# .# #.# #.##
#.##.## #.# .# #.# #.#
#.....###.# .# #.# #.#
####....... .# #.###### #@#
##.###.# .# #......# #o# #.###.#
.# ######.# #.###### ##...#.# .#
#....#####......# #......# .#
#.#........####.# #.[.÷..#
.######...........### #......#
.........#####......#.####...)...
##############......#........).#.
#....###..######.......


You could see an orc warrior.

Vanquished Creatures
  Grinder (D:4)
  A phantom (D:5)
  A scorpion (D:4)
  A howler monkey (D:4)
  An orc priest (D:5)
  A gnoll bouda (D:4)
  A jelly (D:5)
  3 iguanas
  2 sleepcaps
  3 orc wizards
  6 gnolls
  5 adders
  A shadow imp (D:4)
  A white imp (D:4)
  A dart slug (D:1)
  2 ribbon worms
  10 orcs
  11 ball pythons
  6 endoplasms
  3 giant cockroaches
  4 goblins
  5 hobgoblins
  2 jackals (D:3)
  5 quokkas
  4 frilled lizards
  7 kobolds
  10 rats
98 creatures vanquished.

Vanquished Creatures (others)
  295 foxfires
295 creatures vanquished.

Grand Total: 393 creatures vanquished

Notes
Turn   | Place    | Note
-------+----------+-------------------------------------------
     0 | D:1      | Flugkiller the Vampire Fire Elementalist began the quest
                  | for the Orb.
     0 | D:1      | Reached XP level 1. HP: 13/13 MP: 3/3
   204 | D:1      | Reached XP level 2. HP: 19/19 MP: 0/5
   269 | D:1      | Learned a level 2 spell: Scorch
   939 | D:2      | Gained mutation: You are afflicted with vampirism and can
                  | become a bat while bloodless. [Vampire growth]
   939 | D:2      | Reached XP level 3. HP: 24/24 MP: 4/6
  1034 | D:2      | Found a shimmering altar of Xom.
  1458 | D:2      | Reached XP level 4. HP: 30/30 MP: 2/7
  2712 | D:3      | Noticed a water moccasin
  2921 | D:4      | Noticed Grinder
  2932 | D:4      | Found Maorgh's Distillery.
  2939 | D:4      | Reached skill level 1 in Fighting
  3075 | D:4      | Bought a potion of curing for 42 gold pieces
  3078 | D:4      | Noticed a scorpion
  3087 | D:4      | Killed a scorpion
  3088 | D:4      | Reached XP level 5. HP: 38/38 MP: 1/9
  3096 | D:4      | Learned a level 3 spell: Inner Flame
  3362 | D:4      | Reached skill level 1 in Hexes
  3537 | D:4      | Killed Grinder
  3538 | D:4      | Reached skill level 5 in Stealth
  3538 | D:4      | Reached XP level 6. HP: 44/44 MP: 0/11
  3635 | D:4      | Found Caism's Serpentskin Sales.
  3724 | D:4      | Bought 3 curare-tipped darts for 46 gold pieces
  4048 | D:4      | Reached XP level 7. HP: 50/50 MP: 3/13
  4090 | D:4      | Reached skill level 5 in Hexes
  4649 | D:5      | Entered Level 5 of the Dungeon
  4789 | D:5      | Reached skill level 5 in Spellcasting
  5162 | D:5      | Found a shimmering altar of Xom.
  5304 | D:5      | Noticed Ijyb
  5960 | D:5      | Mangled by an orc warrior

Illustrated notes

Levels and vault maps discovered:
D:1:      ncdulo_smallfort, layout_basic, hangedman_decor_slide_cut
D:2:      layout_rooms, basic_altar, grunt_decor_arrowhead,
          hangedman_decor_opposing, minivault_11, nicolae_figureground_sparkle
D:3:      layout_basic
D:4:      layout_basic, serial_shops, shop, serial_library,
          serial_library_hellmonk_room_a, serial_library_hellmonk_hallway_a,
          serial_library_regret_index_double_sided,
          serial_library_hellmonk_junction,
          serial_library_hellmonk_angled_corner,
          serial_library_regret_index_split_case,
          serial_library_hellmonk_long_bookcase,
          serial_library_hellmonk_octagon,
          serial_library_regret_index_double_sided, columned_hall_lemuel,
          minivault_24, guppyfry_shop_venom, uniq_grinder
D:5:      layout_loops_ring, general_overflow_altar,
          nicolae_overflow_crystal_walls, guppyfry_early_orc_mine, uniq_ijyb

Skill      XL: |  1  2  3  4  5  6  7 |
---------------+----------------------+-----
Fire Magic     | 3 4 |  4.0
Spellcasting   | 3 4 5 |  5.0
Fighting       | 2 |  2.0
Stealth        | 5 |  5.0
Hexes          | 3 4 5 |  5.0
Dodging        | 3 |  3.9
Conjurations   | |  0.6

Action                     |  1- 3 |  4- 6 |  7- 9 || total
---------------------------+-------+-------+-------++-------
  Melee: Short sword       |     1 |       |       ||     1
         Staff             |       |     5 |       ||     5
         Bite              |       |     2 |       ||     2
   Cast: Foxfire           |    59 |    61 |    54 ||   174
         Scorch            |     3 |    28 |    23 ||    54
    Use: Scroll            |       |     2 |     1 ||     3
 Armour: Robe              |     1 |     5 |     4 ||    10
  Dodge: Dodged            |     8 |    20 |    11 ||    39
